 Dungeon Crawl Stone Soup version 0.23.2-1-ga50397a6bc (webtiles) character file.

Game seed: 13581706399464765813

2895 Norn the Covert (level 9, -3/47 HPs)
             Began as a Vine Stalker Conjurer on Apr 20, 2019.
             Was a Follower of Sif Muna.
             Shot with a sling bullet by Joseph (14 damage)
             ... on level 8 of the Dungeon.
             The game lasted 00:35:27 (11062 turns).

Norn the Covert (Vine Stalker Conjurer)            Turns: 11062, Time: 00:35:27

Health: -3/47      AC:  4    Str: 12    XL:     9   Next: 77%
Magic:  0/20       EV: 12    Int: 18    God:    Sif Muna [*.....]
Gold:   410        SH:  0    Dex: 14    Spells: 7/21 levels left

rFire    . . .     SeeInvis .   E - +0 dagger (venom)
rCold    . . .     Gourm    .   (no shield)
rNeg     . . .     Faith    .   a - +0 robe
rPois    .         Spirit   +   q - +0 helmet
rElec    .         Reflect  .   (no cloak)
rCorr    .         Harm     .   (no gloves)
MR       +....                  u - +0 pair of boots
Stlth    ++++......             (no amulet)
HPRegen  0.55/turn              (no ring)
MPRegen  0.17/turn              (no ring)

@: no casting
A: fangs 3, regeneration 1, magic shield, antimagic bite, no potion heal 3, rot
immunity
a: Stop Divine Energy, Renounce Religion


You were on level 8 of the Dungeon.
You worshipped Sif Muna.
Sif Muna was aware of your devotion.
You were not hungry.

You visited 2 branches of the dungeon, and saw 9 of its levels.

You collected 410 gold pieces.

Inventory:

Hand Weapons
 f - a +0 whip of flaming
   (You took it off a kobold on level 1 of the Dungeon)
 j - a +0 hunting sling
   (You took it off a goblin on level 2 of the Dungeon)
 E - a +0 dagger of venom (weapon)
   (You took it off an orc on level 7 of the Dungeon)
Missiles
 k - 198 stones (quivered)
 I - a throwing net {!f}
Armour
 a - a +0 robe (worn)
 q - a +0 helmet (worn)
   (You took it off Robin on level 3 of the Dungeon)
 u - a +0 pair of boots (worn)
   (You found it on level 4 of the Dungeon)
Jewellery
 t - an uncursed ring of positive energy {unknown}
   (You found it on level 4 of the Dungeon)
 v - a cursed ring of attention {unknown}
   (You found it on level 4 of the Dungeon)
 B - an uncursed amulet of the acrobat {unknown}
   (You found it on level 5 of the Dungeon)
Wands
 d - a wand of iceblast (1)
   (You found it on level 5 of the Dungeon)
 y - a wand of enslavement (9)
   (You found it on level 5 of the Dungeon)
Scrolls
 c - 8 scrolls of identify {unknown}
 h - 6 scrolls of remove curse {unknown}
 i - 6 scrolls of teleportation {unknown}
 l - a scroll of enchant weapon {unknown}
 r - 3 scrolls of noise {unknown}
 s - 3 scrolls of fog {unknown}
 A - 4 scrolls of magic mapping {unknown}
 F - 2 scrolls of fear {unknown}
 G - 2 scrolls of enchant armour {unknown}
 H - a scroll of random uselessness {unknown}
 J - a scroll of amnesia {unknown}
 K - 2 scrolls of immolation {unknown}
Potions
 b - a potion of heal wounds {unknown}
 g - a potion of resistance {unknown}
 m - 2 potions of flight {unknown}
 n - 5 potions of curing {@q1}
 o - 2 potions of degeneration {unknown}
 p - a potion of invisibility {unknown}
 w - a potion of agility {unknown}
 x - a potion of cancellation {unknown}
 z - a potion of magic {unknown}
 C - a potion of mutation {unknown}
 D - a potion of brilliance {unknown}
Comestibles
 e - 11 rations {!d}


   Skills:
 + Level 5.6 Fighting
 - Level 1.5 Dodging
 + Level 8.5 Stealth
 + Level 6.7 Spellcasting
 - Level 8.1 Conjurations
 + Level 2.0 Translocations


You had 7 spell levels left.
You knew the following spells:

 Your Spells              Type           Power        Failure   Level  Hunger
a - Magic Dart            Conj           ####         1%          1    None
b - Blink                 Tloc           N/A          7%          2    None
c - Call Imp              Summ           #.......     17%         2    None
f - Mephitic Cloud        Conj/Pois/Air  ###.....     11%         3    ##.....
s - Searing Ray           Conj           #####.       1%          2    None
x - Iskenderun's Mystic   Conj           #####...     4%          4    ####...

Your spell library contained the following spells:

 Spells                   Type           Power        Failure   Level  Hunger
 Conjure Flame            Conj/Fire      ###.....     6%          3    ##.....
 Dazzling Spray           Conj/Hex       ###...       6%          3    ##.....
 Force Lance              Conj/Tloc      ###.....     14%         4    ####...
 Slow                     Hex            #.......     17%         2    None
 Fulminant Prism          Conj/Hex       ###.......   22%         4    ####...


Dungeon Overview and Level Annotations

Branches:
Dungeon (8/15)             Temple (1/1) D:7            Lair (0/6) D:8

Altars:
Ashenzari
Elyvilon
Fedhas
Hepliaklqana
Kikubaaqudgha
Makhleb
Okawaru
Qazlal
Sif Muna
Trog
Vehumet
Xom
Zin
The Shining One
Lugonu

Annotations:
D:5 2 runed translucent doors, Ethylacetat's ghost, amateur NaTm
D:8 Joseph


Innate Abilities, Weirdness & Mutations

You have razor-sharp teeth.
Your natural rate of healing is unusually fast.
When hurt, damage is shared between your health and your magic reserves.
Your bite disrupts and absorbs the magic of your enemies.
Potions cannot restore your health.
You are immune to rotting.


Message History

Your white imp gestures at Joseph.
The puff of frost hits Joseph.
Joseph resists.
Aim: Joseph, wielding a +0 hunting sling and wearing a +1 leather armour of cold resistance (moderately wounded, confused)
The magic dart hits Joseph but does no damage.
You can't see any susceptible monsters within range! (Use Z to cast anyway.) Unknown command.
You swap places.
Unknown command.
Joseph says, "I'm a little confused."
Your crimson imp disappears in a puff of smoke!
Your crimson imp blinks!
Your white imp disappears in a puff of smoke!
Joseph shoots a sling bullet.
The sling bullet closely misses you.
Joseph unwields a +0 hunting sling.
Joseph wields a +0 quarterstaff.
Joseph barely misses your crimson imp.
Your crimson imp hits Joseph but does no damage.
Your magical contamination has completely faded away.
Joseph says, "Drop everything you've found here and return home."
Joseph unwields a +0 quarterstaff.
Joseph wields a +0 hunting sling.
Joseph shoots a sling bullet.
The sling bullet hits your crimson imp!!
Your crimson imp dies!
A beastly little devil appears in a puff of frigid air.
Your white imp says, "I'm here!"
Joseph shoots a sling bullet.
The sling bullet hits you! What are your orders? t - Shout!
Orders for allies: a - Attack new target. p - Attack previous target. r - Retreat! s - Stop attacking. g - Guard the area. f - Follow me.
Anything else - Cancel.
Gang up on whom?
Aim: Joseph, wielding a +0 hunting sling and wearing a +1 leather armour of cold resistance (moderately wounded) Attack!
The ball explodes into a vile cloud!
The stinking cloud engulfs Joseph but does no damage.
Joseph shoots a sling bullet.
The sling bullet hits you!
Your white imp gestures at Joseph.
The puff of frost hits Joseph.
Joseph resists.
Joseph shoots a sling bullet.
The sling bullet hits you!!
* * * LOW HITPOINT WARNING * * *
Your white imp gestures at Joseph.
The puff of frost hits Joseph.
Joseph resists.
You see here 3 sling bullets.
The ball explodes into a vile cloud!
The stinking cloud engulfs Joseph but does no damage.
Sif Muna grants you divine energy.
You briefly lose access to your magic!
Joseph shoots a sling bullet.
The sling bullet hits you!
You die...

#...........#.........(..###.....
.......#.#............<.)# #.....
..............###.......## #.....
........>....## ###...### #.....
#......#.#.#.# #...# ###.....
.....#.#.#.#.# #...# #.......
.....#.#...#.######...####.#.....
....#......#.#.5..[..............
....##.(##.@○°..@...........#####
...##......☼○#..((..........# #
...#.##.###########...####..# #
....###(# #...# #...# # ##### #.#
#...# #.#.##### #.#
#...###.#...... #@#
#.........#.... #####.#
#######.#.##.## #..(..# #..[.....


You could see Joseph and a friendly white imp.

Vanquished Creatures
  A spriggan (D:7)
  2 sky beasts
  3 ice beasts
  A phantom (D:6)
  A black bear (D:7)
  4 orc warriors
  An ogre (D:7)
  A centaur (D:6)
  A bullfrog (D:7)
  2 scorpions
  5 killer bees (D:8)
  7 wights
  A howler monkey (D:6)
  4 crimson imps
  An orc priest (D:8)
  4 hounds
  A jelly (D:6)
  4 orc wizards
  A bullfrog skeleton (D:4)
  4 worker ants
  Robin (D:3)
  7 gnolls
  11 adders
  3 worms
  4 leopard geckos
  23 orcs
  6 giant cockroaches
  14 goblins
  11 hobgoblins
  2 jackals (D:7)
  A quokka (D:2)
  2 ball pythons (D:1)
  4 bats
  6 frilled lizards
  A giant cockroach zombie (D:6)
  2 jackal skeletons
  A jackal zombie (D:5)
  3 kobolds
  A leopard gecko skeleton (D:5)
  2 leopard gecko zombies (D:5)
  A quokka skeleton (D:6)
  5 rats
160 creatures vanquished.

Notes
Turn   | Place    | Note
-------+----------+-------------------------------------------
     0 | D:1      | Norn the Vine Stalker Conjurer began the quest for the Orb.
     0 | D:1      | Reached XP level 1. HP: 9/9 MP: 4/4
   211 | D:1      | Reached XP level 2. HP: 14/14 MP: 3/6
   806 | D:2      | Reached XP level 3. HP: 17/17 MP: 2/7
   969 | D:2      | Learned a level 2 spell: Searing Ray
  1014 | D:2      | Reached skill level 1 in Fighting
  1189 | D:2      | Gained mutation: Your natural rate of healing is unusually
                  | fast. [Vine Stalker growth]
  1189 | D:2      | Reached XP level 4. HP: 22/22 MP: 3/9
  1861 | D:3      | Noticed Robin
  1878 | D:3      | Killed Robin
  2179 | D:3      | Reached XP level 5. HP: 25/25 MP: 1/10
  2294 | D:3      | Reached skill level 5 in Conjurations
  3088 | D:3      | Reached XP level 6. HP: 30/30 MP: 7/11
  3332 | D:3      | Found a blossoming altar of Fedhas.
  4537 | D:4      | Found a shimmering altar of Xom.
  4717 | D:4      | Reached XP level 7. HP: 35/35 MP: 4/13
  4799 | D:4      | Learned a level 4 spell: Iskenderun's Mystic Blast
  5040 | D:5      | Entered Level 5 of the Dungeon
  5358 | D:5      | Reached skill level 5 in Stealth
  5448 | D:5      | Found a deep blue altar of Sif Muna.
  5492 | D:5      | Became a worshipper of Sif Muna the Loreminder
  5649 | D:5      | Found a shattered altar of Ashenzari.
  5727 | D:5      | Found a runed translucent door.
  5729 | D:5      | Noticed Ethylacetat's ghost (amateur NaTm)
  5838 | D:5      | Found a runed translucent door.
  5903 | D:5      | Found a radiant altar of Vehumet.
  5910 | D:5      | Found a burning altar of Makhleb.
  6496 | D:6      | Gained mutation: You have razor-sharp teeth. [Vine Stalker
                  | growth]
  6496 | D:6      | Reached XP level 8. HP: 37/40 MP: 2/15
  6963 | D:6      | Reached * piety under Sif Muna
  7319 | D:6      | Reached skill level 5 in Spellcasting
  7856 | D:7      | Found a staircase to the Ecumenical Temple.
  7874 | Temple   | Entered the Ecumenical Temple
  7961 | D:7      | Noticed a spriggan baker
  7969 | D:7      | Killed a spriggan baker
  8125 | D:7      | Reached XP level 9. HP: 40/46 MP: 0/18
  8263 | D:7      | Learned a level 3 spell: Mephitic Cloud
  8266 | D:7      | Learned a level 2 spell: Blink
  9125 | D:7      | Reached skill level 5 in Fighting
  9785 | D:8      | Reached skill level 1 in Translocations
 10857 | D:8      | Found a staircase to the Lair.
 10883 | D:8      | Noticed Joseph
 11018 | D:7      | Learned a level 2 spell: Call Imp
 11062 | D:8      | Shot with a sling bullet by Joseph

Skill      XL: |  1  2  3  4  5  6  7  8  9 |
---------------+----------------------------+-----
Stealth        | 3 4 5 7 8 |  8.5
Fighting       | 1 2 3 4 5 |  5.6
Spellcasting   | 3 4 5 6 |  6.7
Conjurations   | 5 6 8 |  8.1
Translocations | 2 |  2.0
Dodging        | |  1.5

Action                   |  1- 3 |  4- 6 |  7- 9 || total
-------------------------+-------+-------+-------++-------
Melee: Dagger            |       |       |     3 ||     3
       Bite              |       |       |     2 ||     2
 Cast: Magic Dart        |    48 |   134 |   181 ||   363
       Searing Ray       |     1 |    24 |    28 ||    53
       Iskenderun's Myst |       |       |    65 ||    65
       Mephitic Cloud    |       |       |    12 ||    12
       Call Imp          |       |       |     5 ||     5
Invok: Divine Energy     |       |       |     1 ||     1
  Eat: Chunk             |       |    10 |    13 ||    23
       Ration            |       |     1 |     5 ||     6
Armor: Robe              |       |     4 |    17 ||    21
Dodge: Dodged            |     6 |    25 |    66 ||    97
